 Dungeon Crawl Stone Soup version 0.21-a0-442-g848f44b (webtiles) character file.

126 slep the Skirmisher (level 5, -2/45 HPs)
             Began as a Hill Orc Wanderer on Nov 16, 2017.
             Slain by a gnoll (7 damage)
             ... on level 2 of the Dungeon.
             The game lasted 00:07:16 (1805 turns).

slep the Skirmisher (Hill Orc Wanderer)             Turns: 1805, Time: 00:07:16

Health: -2/45      AC:  5    Str: 16    XL:     5   Next: 9%
Magic:  7/7        EV: 10    Int: 11    God:
Gold:   151        SH:  3    Dex: 11    Spells: 7/7 levels left

rFire    + . .     SeeInvis .   d - +0 club
rCold    + . .     Gourm    .   j - +0 buckler
rNeg     . . .     Faith    .   b - +0 ring mail
rPois    +         Spirit   .   (no helmet)
rElec    +         Reflect  .   (no cloak)
rCorr    +         Harm     .   (no gloves)
MR       .....                  (no boots)
Stlth    +.........             (no amulet)
HPRegen  0.15/turn              (no ring)
MPRegen  0.10/turn              (no ring)

@: resistant, berserk cooldown, slowed, very slow
A: no striking features
a: no special abilities


You were on level 2 of the Dungeon.
You were hungry.

You visited 1 branch of the dungeon, and saw 2 of its levels.

You collected 151 gold pieces.

Inventory:

Hand Weapons
 d - a +0 club (weapon)
Missiles
 h - 65 stones (quivered)
Armour
 b - a +0 ring mail (worn)
 j - a +0 buckler (worn)
Scrolls
 e - 2 scrolls of magic mapping {unknown}
 i - 3 scrolls of identify {unknown}
 q - a scroll of remove curse {unknown}
Potions
 l - a potion of curing {unknown}
 m - a potion of heal wounds {unknown}
 o - a potion of lignification {unknown}
 p - a potion of degeneration {unknown}
 r - a potion of might {unknown}
 s - a potion of invisibility {unknown}
Books
 a - a book of Minor Magic

   Spells                             Type                      Level
   a - Magic Dart                     Conjuration                  1
   b - Blink                          Translocation                2
   c - Call Imp                       Summoning                    2
   d - Slow                           Hexes                        2
   e - Conjure Flame                  Conjuration/Fire             3
   f - Mephitic Cloud                 Conjuration/Poison/Air       3
 c - Tautil's Guide on Combat Magic

   Spells                             Type                      Level
   a - Magic Dart                     Conjuration                  1
   b - Conjure Flame                  Conjuration/Fire             3
Comestibles
 f - a bread ration
 g - 4 chunks of flesh
 n - 2 royal jellies


   Skills:
 + Level 3.3 Fighting
   Level 2.6(3.2) Axes
 + Level 2.0(2.5) Maces & Flails
 + Level 0.8 Throwing
 + Level 2.5 Armour
 + Level 0.9 Dodging
 + Level 1.2 Stealth
 + Level 0.7 Shields
 + Level 1.9 Spellcasting
   Level 1.0 Conjurations
   Level 1.0 Evocations


You had 7 spell levels left.
You didn't know any spells.

Dungeon Overview and Level Annotations

Branches:
Dungeon (2/15)

Altars:
Xom


Message History

Aim: a gnoll (hasn't noticed you)
You throw a stone. The gnoll shouts!
The stone hits the gnoll but does no damage.
You are feeling hungry.
You barely miss the gnoll. You block the gnoll's attack. x2
You closely miss the gnoll. The gnoll closely misses you.
The gnoll barely misses you.
You hit the gnoll.
The gnoll is moderately wounded.
The gnoll barely misses you.
You completely miss the gnoll.
The gnoll is moderately wounded.
The gnoll hits you but does no damage. The gnoll barely misses you.
You hit the gnoll.
The gnoll is moderately wounded.
The gnoll hits you.
* * * LOW HITPOINT WARNING * * *
The gnoll hits you!
You die...

############.#
.g%.#
#..........#.#
g...#
#......#.###.#
....+
#......#.....#
....#
#......#######
.$..#
#......##.#
######g[..##
#.........#
#.g.........
#......##.#
#.######....
#......##@#
#.# ..
#########g#
#.# #(#####.#
#.)..g..#
#########


You could see a gnoll.

Vanquished Creatures
  Jessica (D:2)
  Terence (D:2)
  3 gnolls (D:2)
  2 dart slugs (D:1)
  A leopard gecko (D:1)
  3 bats
  4 giant cockroaches (D:1)
  5 goblins
  6 hobgoblins
  2 quokkas (D:1)
  2 ball pythons
  4 frilled lizards (D:1)
  4 kobolds (D:1)
  4 rats (D:1)
42 creatures vanquished.

Notes
Turn   | Place    | Note
-------+----------+-------------------------------------------
     0 | D:1      | slep the Hill Orc Wanderer began the quest for the Orb.
     0 | D:1      | slep set off with: a book of Minor Magic, a +0 ring mail, Tautil's Guide on Combat Magic, a +0 club, a bread ration
     0 | D:1      | Reached XP level 1. HP: 18/18 MP: 3/3
   314 | D:1      | Reached XP level 2. HP: 20/25 MP: 4/4
   768 | D:1      | Reached XP level 3. HP: 23/30 MP: 5/5
   797 | D:1      | Reached skill level 1 in Maces & Flails
  1084 | D:1      | Found an opulent altar of Gozag.
  1086 | D:1      | Found a white marble altar of Elyvilon.
  1086 | D:1      | Found a shimmering altar of Xom.
  1093 | D:1      | Reached skill level 3 in Fighting
  1111 | D:1      | Found a blossoming altar of Fedhas.
  1111 | D:1      | Found a shadowy altar of Dithmenos.
  1111 | D:1      | Found a shattered altar of Ashenzari.
  1427 | D:2      | Noticed Jessica
  1447 | D:2      | Killed Jessica
  1447 | D:2      | Reached XP level 4. HP: 5/38 MP: 6/6
  1679 | D:2      | Noticed Terence
  1703 | D:2      | Killed Terence
  1787 | D:2      | Reached XP level 5. HP: 10/45 MP: 7/7
  1805 | D:2      | Slain by a gnoll

Vault maps used:
D:1:      onia_arrival_larder, doesnt_xom_only_xom
D:2:      uniq_jessica, uniq_terence

Skill      XL: |  1  2  3  4 |
---------------+-------------+-----
Maces & Flails | 1 2 |  2.0
Fighting       | 3 |  3.3
Armour         | 2 |  2.5
Axes           | |  2.6
Throwing       | |  0.8
Dodging        | |  0.9
Stealth        | |  1.2
Shields        | |  0.7
Spellcasting   | |  1.9
Conjurations   | |  1.0
Evocations     | |  1.0

Action                   |  1- 3 |  4- 6 || total
-------------------------+-------+-------++-------
Melee: Club              |   219 |    51 ||   270
Throw: Stone             |    12 |     8 ||    20
  Use: Potion            |       |     2 ||     2
  Eat: Chunk             |     2 |     1 ||     3
Armor: Ring mail         |    77 |    14 ||    91
Dodge: Dodged            |   118 |    23 ||   141
Block: Buckler           |    11 |     6 ||    17

Table legend:
 A = Spawn XP
 B = Non-spawn XP
 C = Spawn XP percentage of total XP
 D = Spawn monster count
 E = Non-spawn monster count
 F = Spawn count percentage of total count
 G = Total turns spent on level
                    A         B        C        D         E        F      G
               +---------+---------+-------+---------+---------+-------+---------
         Total |       0 |     180 |   0.0 |       0 |      42 |   0.0 |  1805
               +---------+---------+-------+---------+---------+-------+---------
           D:1 |       0 |      57 |   0.0 |       0 |      32 |   0.0 |  1364
           D:2 |       0 |     123 |   0.0 |       0 |      10 |   0.0 |   441
               +---------+---------+-------+---------+---------+-------+---------
